AoeStats
← 觅桃豚

Arena

510529361Analyzed
4v4 RM · 2d ago on Oct 1, 2026· 41m 58s· 8 players
Game mode
Random Map
Map size
Large (8 player)
Population
200
Speed
Normal
Resources
Standard
Victory
Conquest
Starting age
Dark Age
Ending age
Imperial Age
RankedLock teamsTeams togetherTeam positionsShared explorationLock speedFull tech treeHidden civsTurbo modeCheats
Victory
Defeat
🇧🇷 Dravidians · Brazil
1133
+10
🇭🇰 Magyars · Hong Kong SAR China
1122
+11
🇨🇳 Bengalis · China
920
+19
🇨🇳 Goths · China
834
+21
🇨🇴 Portuguese · Colombia
1012
-16
🇫🇷 Mongols · France
1007
-16
🇫🇷 Malians · France
974
-15
🇫🇷 Sicilians · France
953
-14
lyonnais--86
12:28 Feudal Age
13:33 Double-Bit Axe
14:34 Loom
17:17 Castle Age
15:58 Horse Collar
19:06 Bow Saw
18:58 Heavy Plow
18:55 Gold Mining
28:49 Imperial Age
27:53 Padded Archer Armor
28:18 Husbandry
28:29 Scale Barding Armor
28:35 Forging
28:27 Scale Mail Armor
29:29 Wheelbarrow
30:41 Chemistry
30:07 Town Watch
30:38 Hand Cart
31:15 Ballistics
31:38 Leather Archer Armor
32:08 Town Patrol
32:43 Ring Archer Armor
32:59 Chain Mail Armor
33:45 Conscription
34:07 Masonry
34:30 Plate Mail Armor
34:37 Iron Casting
33:26 Pikeman
34:07 Squires
35:18 Farimba
34:58 Elite Skirmisher
35:47 Thumb Ring
35:35 Fletching
38:50 Bodkin Arrow
razors-38i
10:52 Feudal Age
14:33 Castle Age
13:02 Double-Bit Axe
17:31 Horse Collar
21:50 Bow Saw
24:24 Wheelbarrow
29:26 Imperial Age
27:59 Hand Cart
27:41 Gold Mining
27:42 Stone Mining
29:52 Forging
29:49 Scale Barding Armor
31:59 Chemistry
31:06 Siege Engineers
31:47 Iron Casting
31:33 Chain Barding Armor
30:36 Cavalier
31:27 Bloodlines
31:18 Husbandry
31:07 Gambesons
31:23 Squires
32:23 Bloodlines
32:13 Husbandry
31:35 Light Cavalry
33:39 Blast Furnace
32:40 Scale Mail Armor
32:31 Fletching
32:32 Capped Ram
33:55 Gold Shaft Mining
33:55 Stone Shaft Mining
33:43 Siege Ram
35:01 First Crusade
35:06 Conscription
37:13 Chain Mail Armor
37:34 Plate Barding Armor
38:06 Hauberk
37:48 Elite Skirmisher
39:24 Bodkin Arrow
39:30 Padded Archer Armor
40:53 Bracer
41:08 Leather Archer Armor
42:07 Plate Mail Armor
41:53 Leather Archer Armor
Siller
10:57 Feudal Age
14:59 Castle Age
13:50 Horse Collar
13:58 Double-Bit Axe
15:49 Stone Mining
19:35 Fletching
20:37 Gold Mining
21:32 Padded Archer Armor
24:10 Wheelbarrow
24:33 Bodkin Arrow
24:54 Leather Archer Armor
25:10 Heavy Plow
25:33 Bow Saw
28:44 Bloodlines
28:35 Husbandry
29:55 Gold Shaft Mining
29:39 Thumb Ring
30:59 Ballistics
34:22 Imperial Age
34:31 Elite Mangudai
36:30 Chemistry
35:32 Bracer
36:22 Conscription
38:18 Parthian Tactics
Tutmosis
9:57 Feudal Age
14:27 Castle Age
12:47 Double-Bit Axe
13:27 Horse Collar
15:30 Wheelbarrow
15:33 Heavy Plow
17:47 Stone Mining
18:48 Bow Saw
22:43 Hand Cart
22:45 Fletching
25:43 Gold Mining
29:55 Imperial Age
28:19 Stone Shaft Mining
27:49 Murder Holes
28:00 Town Watch
28:58 Town Patrol
30:12 Ballistics
31:42 Chemistry
31:30 Conscription
35:17 Elite Organ Gun
36:50 Masonry
36:21 Treadmill Crane
36:47 Siege Engineers
tony.li
10:37 Feudal Age
15:34 Castle Age
13:49 Double-Bit Axe
14:36 Horse Collar
16:50 Bow Saw
16:56 Heavy Plow
17:36 Wheelbarrow
17:42 Wheelbarrow
17:53 Loom
18:50 Loom
19:50 Loom
21:09 Stone Mining
21:10 Gold Mining
27:28 Thumb Ring
28:10 Hand Cart
30:50 Imperial Age
30:21 Ballistics
29:53 Fletching
30:03 Padded Archer Armor
31:09 Bodkin Arrow
31:30 Leather Archer Armor
31:28 Forging
32:15 Bracer
32:30 Forging
31:49 Elite Elephant Archer
33:55 Two-Man Saw
33:30 Husbandry
35:05 Chemistry
34:37 Ring Archer Armor
41:33 Medical Corps
goodluckming
11:50 Feudal Age
12:56 Double-Bit Axe
12:55 Horse Collar
15:45 Castle Age
16:49 Bow Saw
17:23 Wheelbarrow
23:23 Fletching
23:41 Heavy Plow
24:51 Gold Mining
24:53 Stone Mining
26:18 Loom
29:09 Imperial Age
27:51 Hand Cart
28:55 Bodkin Arrow
29:23 Ballistics
29:07 Padded Archer Armor
29:28 Treadmill Crane
30:35 Parthian Tactics
29:34 Heavy Cavalry Archer
30:19 Thumb Ring
30:17 Bracer
30:53 Leather Archer Armor
32:17 Two-Man Saw
31:53 Conscription
32:32 Ring Archer Armor
33:18 Husbandry
34:00 Conscription
34:36 Parthian Tactics
34:24 Masonry
34:19 Siege Engineers
34:49 Crop Rotation
36:41 Hoardings
36:28 Bloodlines
36:25 Corvinian Army
38:21 Coinage
37:51 Caravan
39:05 Chemistry
39:00 Recurve Bow
38:20 Elite Magyar Huszar
39:11 Scale Barding Armor
39:57 Banking
39:11 Elite Skirmisher
40:13 Chain Barding Armor
39:51 Murder Holes
39:18 Elite Magyar Huszar
41:34 Plate Barding Armor
无语
9:59 Feudal Age
14:02 Castle Age
12:16 Double-Bit Axe
12:31 Horse Collar
15:35 Bow Saw
20:03 Heavy Plow
22:41 Wheelbarrow
22:02 Gold Mining
26:22 Gold Shaft Mining
25:38 Stone Mining
26:12 Hand Cart
28:37 Imperial Age
27:12 Town Watch
27:12 Loom
27:21 Fletching
27:31 Padded Archer Armor
27:54 Ballistics
28:20 Bodkin Arrow
28:39 Masonry
28:22 Guard Tower
28:53 Paiks
29:13 Bloodlines
29:03 Husbandry
29:07 Elite Elephant Archer
31:21 Chemistry
30:27 Siege Engineers
30:30 Scale Barding Armor
30:28 Bracer
31:25 Crop Rotation
32:20 Two-Man Saw
31:55 Conscription
32:21 Caravan
33:02 Leather Archer Armor
33:40 Mahayana
35:16 Architecture
35:03 Fortified Wall
35:42 Devotion
39:59 Murder Holes
39:50 Arrowslits
40:38 Ring Archer Armor
40:14 Scale Barding Armor
觅桃豚
4:51 Loom
10:32 Feudal Age
15:51 Castle Age
14:20 Double-Bit Axe
14:17 Horse Collar
17:09 Wheelbarrow
31:13 Imperial Age
29:00 Hand Cart
28:30 Town Watch
29:04 Bow Saw
28:57 Heavy Plow
29:08 Pikeman
29:49 Squires
30:06 Gold Mining
30:07 Stone Mining
30:24 Anarchy
31:59 Scale Mail Armor
32:12 Forging
32:24 Conscription
33:16 Chain Mail Armor
34:12 Stone Shaft Mining
34:53 Ballistics
34:17 Treadmill Crane
35:48 Iron Casting
36:55 Two-Man Saw
36:27 Crop Rotation
37:35 Blast Furnace
36:26 Fletching
36:42 Elite Huskarl
37:21 Halberdier
39:04 Perfusion
Connection lost

Rejoining the realm…

Still unreachable

The connection could not be restored.

Session expired

The server has moved on; the page needs a fresh start.